 Dungeon Crawl Stone Soup version 0.20-a0-1065-g8446734 (webtiles) character file.

12757 galech the Grappler (level 11, -10/102 HPs)
             Began as a Troll Monk on Apr 28, 2017.
             Was the Champion of Cheibriados.
             Mangled by an ettin
             ... wielding a +0 dire flail
              (30 damage)
             ... on level 1 of the Orcish Mines.
             The game lasted 00:27:08 (9296 turns).

galech the Grappler (Troll Monk)                    Turns: 9296, Time: 00:27:09

Health: -10/102    AC: 16    Str: 44    XL:     11   Next: 66%
Magic:  12/12      EV: 13    Int: 21    God:    Cheibriados [******]
Gold:   1578       SH:  0    Dex: 27    Spells: 10/10 levels left

rFire    . . .     SeeInvis +     - Unarmed
rCold    . . .     Gourm    +   (no shield)
rNeg     . . .     Faith    .   G - +0 storm dragon scales
rPois    .         Spirit   .   (helmet restricted)
rElec    +         Reflect  .   F - +0 cloak (curse)
rCorr    .         Harm     .   (gloves unavailable)
MR       .....                  (boots unavailable)
Stlth    ..........             (no amulet)
Regen    0.7/turn               r - +5 ring of strength
MPRegen  0.2/turn               D - ring of see invisible

@: very slow
A: unfitting armour, claws 3, fast metabolism 3, gourmand, regeneration 1,
shaggy fur 1, tough skin 2
a: Bend Time, Temporal Distortion, Slouch, Step From Time, Renounce Religion


You were on level 1 of the Orcish Mines.
You worshipped Cheibriados.
Cheibriados was exalted by your worship.
You were very full.

You visited 3 branches of the dungeon, and saw 13 of its levels.

You collected 1844 gold pieces.
You spent 266 gold pieces at shops.

Inventory:

Armour
 F - a cursed +0 cloak (worn)
 G - +0 storm dragon scales (worn)
 S - a +1 robe of cold resistance
 V - a +0 robe of resistance
Jewellery
 r - a +5 ring of strength (left claw)
 s - an uncursed ring of protection from cold
 u - an uncursed ring of fire
 D - a ring of see invisible (right claw)
Wands
 A - a wand of flame (12/48)
 C - a wand of iceblast (14/15)
 E - a wand of iceblast (10/15)
 H - a wand of flame (15/48)
 I - a wand of paralysis (10/24)
 J - a wand of scattershot (4/9)
 K - a wand of confusion (27/48)
 L - a wand of lightning (2/15)
 O - a wand of digging (9/24)
Scrolls
 d - 3 scrolls of amnesia {unknown}
 f - 2 scrolls of recharging
 h - 2 scrolls of remove curse {unknown}
 j - 4 scrolls of enchant armour
 k - a scroll of magic mapping
 m - 7 scrolls of teleportation
 o - a scroll of enchant weapon
 v - 3 scrolls of torment
 w - 2 scrolls of blinking
 x - 2 scrolls of immolation
 y - a scroll of noise
 N - 4 scrolls of fear {unknown}
 Q - a scroll of identify
 R - a scroll of random uselessness {unknown}
Potions
 a - a potion of ambrosia {unknown}
 c - 4 potions of might {unknown}
 e - a potion of cancellation {unknown}
 g - 3 potions of haste {unknown}
 i - 3 potions of brilliance {unknown}
 l - a potion of lignification {unknown}
 n - a potion of flight
 p - 4 potions of curing {unknown}
 t - a potion of magic {unknown}
 z - 2 potions of mutation {unknown}
 P - 2 potions of heal wounds {unknown}
Books
 U - a book of Misfortune

   Spells                             Type                      Level
   a - Confusing Touch                Hexes                        1
   b - Confuse                        Hexes                        3
   c - Gell's Gravitas                Translocation                3
   d - Petrify                        Transmutation/Earth          4
   e - Metabolic Englaciation         Hexes/Ice                    5
   f - Yara's Violent Unravelling     Hexes/Transmutation          5
Comestibles
 b - 13 bread rations
 q - 3 royal jellies
 B - 4 meat rations
 M - 2 fruits


   Skills:
 + Level 5.0 Fighting
 + Level 5.3 Armour
 + Level 6.5 Dodging
 + Level 3.3 Stealth
 + Level 13.8 Unarmed Combat
 * Level 2.7 Invocations


You had 10 spell levels left.
You didn't know any spells.

Dungeon Overview and Level Annotations

Branches:
Dungeon (10/15)            Temple (1/1) D:6            Lair (0/6) D:9
    Orc (2/2) D:9
    Elf: Orc:2

Altars:
Ashenzari
Cheibriados
Dithmenos
Fedhas
Gozag
Hepliaklqana
Kikubaaqudgha
Makhleb
Okawaru
Qazlal
Trog
Uskayaw
Vehumet
Wu Jian
Xom
Yredelemnul
Zin
The Shining One
Beogh

Shops:
D:4 %   D:7 (?*:=   Orc:2 }

Portals:
Trove: D:10 (give +4 fire dragon scales)

Annotations:
Orc:2 Azrael, Josephine


Innate Abilities, Weirdness & Mutations

You are too large for most types of armour.
You have claws for hands.
Your metabolism is lightning-fast.
You like to eat raw meat.
Your natural rate of healing is unusually fast.
You are covered in fur. (AC +1)
You have very tough skin. (AC +2)


Message History

You butcher the hell hound corpse.
You see here 4 inedible chunks of flesh.
Things that are here:
a mace; a chain mail There isn't anything to butcher here.
You see here 4 inedible chunks of flesh.
An ettin comes into view. It is wielding two dire flails.
The ettin shouts in stereo!
The ettin hits you with a dire flail. The ettin hits you with a dire flail!!!
The ettin barely misses you. The ettin hits you with a dire flail!!
* * * LOW HITPOINT WARNING * * *
You mangle the ettin!!
The ettin is heavily wounded.
You claw the ettin!
The ettin is severely wounded.
The ettin barely misses you. The ettin closely misses you.
You scratch the ettin. You claw the ettin, but do no damage.
The ettin is severely wounded.
The ettin hits you with a dire flail!!
You die...

##.......##.#.#.#.##
#........#.........#
##................## ###
##...............##
##.#####...............#
#....####...>.........##
##....##...............#
##....#.......#....#.##
##...^..C@............##
#.........##...........# ###
##....................##
##.###....................##
#...#...................####
##..#..................####.##
##...##.........#..#....#.#...#
###<##........%..#..#......#.##
.#...........>...............##


You could see an ettin.

Vanquished Creatures
  The ghost of nht the Cleaver, a journeyman FoFi of Okawaru (Orc:1)
  Erica (D:10)
  3 two-headed ogres
  The ghost of Gorglomux the Martial Artist, a novice OpMo of Makhleb (D:9)
  Nergalle (Orc:1)
  Pikel (D:8)
  An orc sorcerer (Orc:1)
  Psyche (D:8)
  A troll (Orc:1)
  A merfolk (D:10)
  2 hippogriffs
  Sigmund (D:6)
  A wyvern (D:9)
  A hungry ghost (D:7)
  A yak (D:9)
  Edmund (D:6)
  A water moccasin (D:6)
  2 porcupines (D:9)
  A hell hound (Orc:1)
  11 orc warriors
  3 black bears
  3 ice beasts
  2 sky beasts
  A slave (D:8)
  3 ogres
  3 phantoms
  4 centaurs
  2 necrophages (D:8)
  A crocodile (D:9)
  2 bullfrogs (D:9)
  6 scorpions
  6 wights
  An electric eel (D:8)
  2 howler monkeys
  A crimson imp (D:6)
  3 centaur zombies
  A bullfrog zombie (D:8)
  A hound (D:10)
  13 orc priests
  A jelly (D:7)
  21 orc wizards
  2 iguanas
  11 worker ants
  A mummy (D:8)
  A worker ant zombie (D:9)
  9 adders
  A shadow imp (D:10)
  An ooze (D:6)
  An adder skeleton (D:9)
  An adder zombie (D:9)
  4 worms
  4 dart slugs
  5 leopard geckos
  83 orcs
  3 bats (D:1)
  11 goblins
  8 hobgoblins
  12 jackals
  7 kobolds
  4 quokkas
  A ball python (D:1)
  A ball python skeleton (D:4)
  2 frilled lizards
  A jackal skeleton (D:5)
  A jackal zombie (D:8)
  3 rats
292 creatures vanquished.

Vanquished Creatures (others)
  21 fungi (D:9)
  2 plants (D:9)
23 creatures vanquished.

Grand Total: 315 creatures vanquished

Notes
Turn   | Place    | Note
-------+----------+-------------------------------------------
     0 | D:1      | galech the Troll Monk began the quest for the Orb.
     0 | D:1      | Reached XP level 1. HP: 22/22 MP: 0/0
   146 | D:1      | Reached XP level 2. HP: 24/29 MP: 1/1
   590 | D:2      | Reached XP level 3. HP: 36/36 MP: 2/2
  1429 | D:3      | Reached skill level 4 in Unarmed Combat
  1429 | D:3      | Reached XP level 4. HP: 42/44 MP: 3/3
  1850 | D:4      | Noticed a phantom
  1860 | D:4      | Killed a phantom
  1860 | D:4      | Reached XP level 5. HP: 46/53 MP: 4/4
  1874 | D:4      | Reached skill level 5 in Unarmed Combat
  2054 | D:4      | Found Tinet's Food Shoppe.
  2119 | D:4      | Reached XP level 6. HP: 34/61 MP: 5/5
  2466 | D:4      | Noticed an ice beast
  2485 | D:4      | Killed an ice beast
  2485 | D:4      | Reached skill level 6 in Unarmed Combat
  2506 | D:4      | Reached XP level 7. HP: 41/67 MP: 6/6
  2650 | D:5      | Entered Level 5 of the Dungeon
  2678 | D:5      | Found a runed door.
  2968 | D:5      | Reached skill level 7 in Unarmed Combat
  3696 | D:5      | Reached XP level 8. HP: 26/75 MP: 7/7
  3956 | D:6      | Found an opulent altar of Gozag.
  3968 | D:6      | Found an ornate altar of the Wu Jian Council.
  4004 | D:6      | Found a staircase to the Ecumenical Temple.
  4021 | Temple   | Entered the Ecumenical Temple
  4104 | Temple   | Became a worshipper of Cheibriados the Contemplative
  4104 | Temple   | Reached * piety under Cheibriados
  4104 | Temple   | Reached ** piety under Cheibriados
  4261 | D:6      | Reached skill level 8 in Unarmed Combat
  4269 | D:6      | Noticed Sigmund
  4278 | D:6      | Killed Sigmund
  4310 | D:6      | Reached skill level 5 in Dodging
  4329 | D:6      | Noticed Edmund
  4341 | D:6      | Killed Edmund
  4527 | D:6      | Found a glowing silver altar of Zin.
  4528 | D:6      | Found an opulent altar of Gozag.
  4617 | D:6      | Reached skill level 9 in Unarmed Combat
  4759 | D:6      | Reached XP level 9. HP: 58/84 MP: 8/8
  4970 | D:7      | Found Lacalis's Magic Scroll Boutique.
  4979 | D:7      | Bought a scroll of identify for 32 gold pieces
  4979 | D:7      | Bought a scroll of identify for 32 gold pieces
  4979 | D:7      | Bought a scroll of identify for 32 gold pieces
  4979 | D:7      | Bought a scroll of identify for 32 gold pieces
  4979 | D:7      | Bought a scroll of teleportation for 48 gold pieces
  5005 | D:7      | Reached *** piety under Cheibriados
  5127 | D:7      | Reached skill level 10 in Unarmed Combat
  5150 | D:7      | Found a stormy altar of Qazlal.
  5150 | D:7      | Found a shadowy altar of Dithmenos.
  5151 | D:7      | Found a glowing golden altar of the Shining One.
  5201 | D:7      | Found Hefes's Weapon Shop.
  5356 | D:7      | Found Puco's General Store.
  5363 | D:7      | Found a hazy altar of Hepliaklqana.
  5430 | D:7      | Found Pyitorun's Jewellery Shop.
  5444 | D:7      | Found a shadowy altar of Dithmenos.
  5644 | D:7      | Found Ura Giuv's Book Emporium.
  5858 | D:5      | Reached **** piety under Cheibriados
  5919 | D:5      | Found a roughly hewn altar of Beogh.
  6145 | D:8      | Noticed Psyche
  6166 | D:8      | Killed Psyche
  6222 | D:8      | Reached skill level 11 in Unarmed Combat
  6379 | D:7      | Bought a scroll of enchant armour for 90 gold pieces
  6528 | D:8      | Reached XP level 10. HP: 92/92 MP: 9/9
  6637 | D:8      | Noticed Pikel
  6649 | D:8      | Killed Pikel
  6649 | D:8      | Reached skill level 1 in Armour
  6876 | D:9      | Noticed Gorglomux's ghost (novice OpMo)
  6890 | D:9      | Reached ***** piety under Cheibriados
  6895 | D:9      | Killed Gorglomux's ghost
  6895 | D:9      | Reached skill level 12 in Unarmed Combat
  6964 | D:9      | Noticed a two-headed ogre
  6977 | D:9      | Killed a two-headed ogre
  7037 | D:9      | Found a staircase to the Orcish Mines.
  7275 | D:9      | Noticed a two-headed ogre
  7285 | D:9      | Killed a two-headed ogre
  7296 | D:9      | Found a staircase to the Lair.
  7335 | D:9      | Reached XP level 11. HP: 88/101 MP: 10/10
  7476 | D:9      | Found a burning altar of Makhleb.
  7535 | D:9      | Reached skill level 5 in Fighting
  7633 | D:9      | Found a shimmering altar of Xom.
  7760 | D:9      | Found a bloodstained altar of Trog.
  7899 | D:9      | Reached skill level 13 in Unarmed Combat
  8122 | D:10     | Entered Level 10 of the Dungeon
  8206 | D:10     | Reached ****** piety under Cheibriados
  8208 | D:10     | Reached skill level 1 in Invocations
  8235 | D:10     | Noticed Erica
  8241 | D:10     | Killed Erica
  8396 | D:10     | Found a portal to a secret trove of treasure.
  8526 | D:10     | Noticed a two-headed ogre
  8530 | D:10     | Killed a two-headed ogre
  8720 | Orc:1    | Entered Level 1 of the Orcish Mines
  8720 | Orc:1    | Noticed an orc sorcerer
  8731 | Orc:1    | Killed an orc sorcerer
  8977 | Orc:1    | Noticed Nergalle
  8981 | Orc:1    | Killed Nergalle
  8981 | Orc:1    | Reached skill level 5 in Armour
  9043 | Orc:1    | Noticed nht's ghost (journeyman FoFi)
  9058 | Orc:1    | Killed nht's ghost
  9273 | Orc:2    | Entered Level 2 of the Orcish Mines
  9273 | Orc:2    | Found Yroad's Gadget Emporium.
  9273 | Orc:2    | Noticed Azrael
  9273 | Orc:2    | Noticed a two-headed ogre
  9277 | Orc:2    | Noticed Josephine
  9291 | Orc:1    | Noticed an ettin
  9296 | Orc:1    | Mangled by an ettin

Vault maps used:
D:1:      minmay_arrival_stair_chambers, lemuel_old_faithful
D:4:      first_bread, serial_shops, shop, grunt_decor_one_mirror,
          minmay_misc_feat_chi
D:5:      kennysheep_big_flooded_room, kennysheep_small_spiral,
          lightli_church_of_beogh
D:6:      grunt_temple_overflow_gold_and_silver, nicolae_overflow_crystal_walls,
          minmay_temple_entry_steel_oval, basic_altar, uniq_edmund, uniq_sigmund
D:7:      gammafunk_temple_overflow_forgotten, serial_shops,
          nicolae_shop_waterfront, nicolae_shop_stone, shop, nicolae_shop_trees,
          shop, basic_altar, nicolae_dithmenos_the_darkroom
D:8:      serial_undead, serial_undead_a, serial_undead_b, serial_undead_e,
          serial_undead_f, nrook_mini_backslash, dk_noncrumbling_3, uniq_psyche,
          uniq_pikel
D:9:      lightli_temple_of_fire, nicolae_overflow_hidden_temple,
          bloody_makhleb, due_lair_maze_entry_diamond, hiddenorc2_lemuel
D:10:     trove_entry_hex_spiral, hangedman_fish_farm, uniq_erica
Temple:   oiseaux_autumnal_temple
Orc:1:    uniq_nergalle
Orc:2:    grunt_orc_gardens, grunt_orc_garden, grunt_orc_garden,
          grunt_orc_garden, grunt_orc_garden, serial_shops, shop,
          uniq_josephine, uniq_donald, uniq_saint_roka, uniq_azrael

Skill      XL: |  1  2  3  4  5  6  7  8  9 10 11 |
---------------+----------------------------------+-----
Unarmed Combat | 4 5 6 7 9 11 12 13 | 13.8
Fighting       | 3 4 5 |  5.0
Dodging        | 3 4 5 6 |  6.5
Stealth        | 2 3 |  3.3
Armour         | 3 5 |  5.3
Invocations    | 2 |  2.7

Action                   |  1- 3 |  4- 6 |  7- 9 | 10-12 || total
-------------------------+-------+-------+-------+-------++-------
Melee: Unarmed           |    87 |   132 |   307 |   236 ||   762
       Punch             |     1 |     3 |    15 |    16 ||    35
  Use: Scroll            |       |       |     9 |       ||     9
 Stab: Sleeping          |     1 |     1 |     3 |       ||     5
       Distracted        |       |       |     1 |     1 ||     2
  Eat: Chunk             |    19 |     9 |    29 |    19 ||    76
Armor: Robe              |    26 |    34 |    54 |       ||   114
       Storm dragon scal |       |       |     9 |   105 ||   114
Dodge: Dodged            |    43 |    83 |   148 |   138 ||   412
